 Dungeon Crawl Stone Soup version 0.29-a0-25-g7f48f510a0 (webtiles) character file.

Game seed: 5880310245523347341

12754 robertstho the Thaumaturge (level 12, -14/83 HPs)
             Began as a Djinni Fire Elementalist on Jan 31, 2022.
             Was a Believer of Makhleb.
             Demolished by a catoblepas (23 damage)
             ... on level 2 of the Lair of Beasts.
             The game lasted 00:23:51 (16430 turns).

robertstho the Thaumaturge (DjFE)                  Turns: 16430, Time: 00:23:51

Health: -14/83     AC:  7    Str: 19    XL:     12   Next: 24%
Gold:   389        EV: 12    Int: 22    God:    Makhleb [**....] SH:  0 Dex: 14

rFire   + + .      SeeInvis .   A - +7 quarterstaff of the Moon {elec, +Blink rC+}
rCold   + . .      Faith    .   (shield currently unavailable)
rNeg    . . .      Spirit   .   g - +1 leather armour of Oluyl {rC+ MP+9}
rPois   ∞          Reflect  .   f - +0 helmet
rElec   .          Harm     .   (no cloak)
rCorr   .          Rampage  .   D - +1 pair of gloves
Will    +....                   (boots unavailable)
Stlth   ++........              r - amulet of the acrobat
HPRegen 0.23/turn               d - +6 ring of strength
MPRegen 0.00/turn               C - +6 ring of strength

@: flying
A: sickness immunity, fire resistance 2, cold vulnerability 1, float, innate
caster, HP casting, extra vitality 1
a: Renounce Religion, Evoke Blink, Minor Destruction


You were on level 2 of the Lair of Beasts.
You worshipped Makhleb.
Makhleb was pleased with you.
You visited 3 branches of the dungeon, and saw 14 of its levels.
You also visited: Sewer.

You collected 728 gold pieces.
You spent 339 gold pieces at shops.

Inventory:

Hand Weapons
 h - a +4 short sword of venom
 x - the +4 long sword of Kismet {vorpal, *Rage rElec rF+}
   (You found it on level 8 of the Dungeon)

   It inflicts extra damage upon your enemies.
   rF:        It protects you from fire.
   rElec:     It insulates you from electricity.
   *Rage:     It berserks you when you make melee attacks (+20% chance).
 A - the +7 quarterstaff of the Moon (weapon) {elec, +Blink rC+}
   (You bought it in a shop on level 4 of the Dungeon)

   It occasionally discharges a powerful burst of electricity upon striking a
   foe.
   rC:        It protects you from cold.
   +Blink:    It lets you blink.
Missiles
 y - a throwing net
Armour
 b - a +1 ring mail of fire resistance
 f - a +0 helmet (worn)
 g - the +1 leather armour of Oluyl (worn) {rC+ MP+9}
   (You found it on level 2 of the Dungeon)

   rC:        It protects you from cold.
   MP:        It affects your magic capacity (+9).
 D - a +1 pair of gloves (worn)
Magical Staves
 p - a staff of air
Jewellery
 d - a +6 ring of strength (left hand)
 n - a +6 ring of dexterity
 r - an amulet of the acrobat (around neck)
 w - a ring of protection from fire
 C - a +6 ring of strength (right hand)
Wands
 a - a wand of flame (3)
 t - a wand of digging (7)
 G - a wand of mindburst (2)
Scrolls
 l - a scroll of fear
 o - a scroll of blinking {unknown}
 s - a scroll of summoning
 u - a scroll of fog
 v - 9 scrolls of teleportation {unknown}
 z - 3 scrolls of enchant armour {unknown}
 B - 2 scrolls of magic mapping {unknown}
Potions
 c - 4 potions of might {unknown}
 e - a potion of cancellation {unknown}
 i - a potion of curing
 j - a potion of invisibility {unknown}
 k - 2 potions of berserk rage {unknown}
 m - a potion of magic {unknown}
 q - a potion of brilliance
 E - 3 potions of ambrosia
 F - a potion of degeneration {unknown}


   Skills:
 * Level 6.0 Fighting
 + Level 0.4 Short Blades
 + Level 0.1 Staves
 + Level 3.9 Armour
 + Level 2.8 Dodging
 + Level 2.4 Stealth
 * Level 12.8 Spellcasting
 * Level 4.9 Invocations


You had 9 spell levels left.
You knew the following spells:

 Your Spells              Type           Power      Damage    Failure   Level
a - Foxfire               Conj/Fire      100%       2x1d9     1%          1
b - Scorch                Fire           100%       2d10      1%          2
c - Conjure Flame         Conj/Fire      63%        6-21      1%          3
d - Inner Flame           Hex/Fire       63%        N/A       1%          3
e - Flame Wave            Conj/Fire      63%        2d12      1%          4
f - Beastly Appendage     Tmut           100%       N/A       1%          1
g - Corpse Rot            Necr/Air       100%       N/A       1%          2
h - Summon Guardian Gole  Hex/Summ       63%        N/A       1%          3
i - Leda's Liquefaction   Hex/Erth       31%        N/A       1%          4
j - Passage of Golubria   Tloc           63%        N/A       1%          4
Your spell library was empty.

Dungeon Overview and Level Annotations

Branches:
Dungeon (11/15)            Temple (1/1) D:6            Lair (2/6) D:9
    Orc (0/2) D:9           Sewer (visited)
  Swamp: Lair:2-4    Shoals: Lair:2-4     Snake: Lair:2-4    Spider: Lair:2-4

Altars:
Cheibriados
Dithmenos
Elyvilon
Fedhas
Makhleb
Nemelex Xobeh
Qazlal
Ru
Trog
Uskayaw
Vehumet
Wu Jian
The Shining One

Shops:
D:4 (((*(   D:8 (

Annotations:
D:2 1 runed translucent door, Crazy Yiuf
D:7 3 runed translucent doors, badtown22's ghost, novice TrMo
D:10 6 transporters


Innate Abilities, Weirdness & Mutations

You are immune to sickness and miasma.
You are immune to poison.
Your flesh is very heat resistant. (rF++)
You are vulnerable to cold. (rC-)
You float through the air rather than walking.
You learn spells naturally, not from books.
Your magical power is your life essence.
You have superior vitality. (+4 MHP)


Message History

The blast of calcifying dust hits you but does no damage.
You are engulfed in calcifying dust.
The catoblepas barely misses you.
You are engulfed in calcifying dust.
The catoblepas gores you!
The catoblepas gores you but does no damage.
You turn to flesh and can move again.
Unknown command.
Casting: Scorch (safe; 1% risk of failure)
Confirm with . or Enter, or press ? or * to list all spells.
Flames lash the catoblepas.
The catoblepas is burned terribly!
The catoblepas is heavily wounded.
The catoblepas gores you!!
Unknown command.
Casting: Scorch (safe; 1% risk of failure)
Confirm with . or Enter, or press ? or * to list all spells.
Flames lash the catoblepas.
The catoblepas is burned terribly!
The catoblepas is severely wounded.
The catoblepas gores you!
* * * LOW HITPOINT WARNING * * *
Unknown command.
Casting: Scorch (safe; 1% risk of failure)
Confirm with . or Enter, or press ? or * to list all spells.
Flames lash the catoblepas.
The catoblepas is burned terribly!
The catoblepas is severely wounded.
* * * LOW HITPOINT WARNING * * *
The catoblepas misses you.
Unknown command.
Casting: Scorch (safe; 1% risk of failure)
Confirm with . or Enter, or press ? or * to list all spells.
Flames lash the catoblepas.
The catoblepas is burned terribly!
The catoblepas is severely wounded.
* * * LOW HITPOINT WARNING * * *
The catoblepas barely misses you.
Unknown command.
Casting: Scorch (safe; 1% risk of failure)
Confirm with . or Enter, or press ? or * to list all spells.
Flames lash the catoblepas.
The catoblepas is burned terribly!
The catoblepas is almost dead.
* * * LOW HITPOINT WARNING * * *
The catoblepas gores you!!
You die...

.............##
..............P# #####
..............## .. P...###
#............P# #.. PP..#P#
#...........# #..## ......###
#......†..†.##..#.#
........####..!......#......
.........# ##.......#.....###
#........####...@Y9††..#P....
#....<...P##...##.#...P......
P........##..#####..#........
##.......P..## #####.......
##.#.......## .......
.⌠.##.....#.# .......
..........### .......
.<.⌠#.....# .D.....
........### .......


You could see a catoblepas (combustible, ally target) and a friendly guardian
golem (summoned, inner flame).

Vanquished Creatures
  A two-headed ogre (D:9)
  A gargoyle (D:10)
  2 cane toads (Lair:1)
  A komodo dragon (D:9)
  A queen bee (D:9)
  Prince Ribbit (D:7)
  Grinder (D:4)
  A hornet (D:7)
  A meliai zombie (D:10)
  14 yaks
  A basilisk (Lair:1)
  3 wargs (D:9)
  Duvessa (D:4)
  Pargi (Sewer)
  3 water moccasins
  5 black bears
  4 orc warriors
  4 ogres
  11 centaurs
  2 necrophages (D:5)
  A phantom (D:5)
  6 bullfrogs
  A scorpion (D:9)
  Dowan (D:4)
  26 killer bees (D:9)
  An electric eel (Lair:1)
  5 howler monkeys
  A centaur zombie (D:10)
  2 jellies (D:5)
  4 hounds
  A bullfrog skeleton (D:6)
  5 orc priests
  A gnoll shaman (D:4)
  An iguana (D:5)
  6 orc wizards
  A hound zombie (D:5)
  2 hound skeletons
  8 gnolls
  A howler monkey skeleton (D:5)
  4 adders
  A shadow imp (D:7)
  A white imp (D:8)
  An ufetubus (D:6)
  An adder skeleton (D:4)
  3 worms
  3 dart slugs
  30 orcs
  6 endoplasms
  4 giant cockroaches
  7 goblins
  10 hobgoblins
  2 jackals (D:3)
  2 quokkas (D:4)
  3 training dummies (D:8)
  9 ball pythons
  5 bats
  5 frilled lizards
  15 kobolds
  3 rats
248 creatures vanquished.

Vanquished Creatures (collateral kills)
  Nergalle (Lair:1)
  5 foxfires
6 creatures vanquished.

Vanquished Creatures (others)
  A hydra (Lair:2)
  A cane toad (Lair:2)
  4 yaks
  An orc warrior (D:7)
  467 foxfires
  11 fungi
  22 plants
507 creatures vanquished.

Grand Total: 761 creatures vanquished

Notes
Turn   | Place    | Note
-------+----------+-------------------------------------------
     0 | D:1      | robertstho the Djinni Fire Elementalist began the quest for
                  | the Orb.
     0 | D:1      | Reached XP level 1. HP: 15/15 MP: 0/0
   371 | D:1      | Reached XP level 2. HP: 2/21 MP: 0/0
   387 | D:1      | HP: 1/21 [hobgoblin (2)]
   766 | D:2      | Found a runed translucent door.
   767 | D:2      | Noticed Crazy Yiuf
   804 | D:2      | Reached skill level 3 in Spellcasting
  1027 | D:2      | Identified the +1 leather armour of Oluyl {rC+ MP+9}
  1031 | D:2      | Reached XP level 3. HP: 22/26 MP: 0/0
  1031 | D:2      | Learned a level 1 spell: Beastly Appendage
  1661 | D:1      | Noticed a golden eye
  1699 | D:1      | Found a faded altar of an unknown god.
  1701 | D:1      | Noticed a great orb of eyes
  1702 | D:1      | Noticed an eye of devastation
  1702 | D:1      | Noticed a floating eye
  2282 | D:2      | Reached XP level 4. HP: 19/31 MP: 0/0
  2641 | D:2      | Found an ornate altar of the Wu Jian Council.
  3178 | D:3      | Reached skill level 4 in Spellcasting
  3178 | D:3      | Reached XP level 5. HP: 21/36 MP: 0/0
  3178 | D:3      | Learned a level 2 spell: Corpse Rot
  4343 | D:4      | Found Geapousy's General Store.
  4435 | D:4      | Bought a potion of curing for 39 gold pieces
  4435 | D:4      | Bought a potion of lignification for 39 gold pieces
  4448 | D:4      | Noticed Dowan
  4455 | D:4      | Noticed Duvessa
  4456 | D:4      | Noticed Grinder
  4485 | D:4      | Killed Grinder
  4486 | D:4      | Reached skill level 1 in Fighting
  4486 | D:4      | Reached skill level 1 in Armour
  4486 | D:4      | Reached skill level 5 in Spellcasting
  4486 | D:4      | Reached XP level 6. HP: 36/42 MP: 0/0
  4504 | D:4      | Killed Duvessa
  4505 | D:4      | Reached XP level 7. HP: 39/48 MP: 0/0
  4505 | D:4      | Learned a level 3 spell: Summon Guardian Golem
  4508 | D:4      | Killed Dowan
  4634 | D:4      | Reached skill level 6 in Spellcasting
  4674 | D:4      | Found a glowing drain.
  4678 | Sewer    | Entered a sewer
  4951 | Sewer    | Noticed Pargi
  4957 | Sewer    | Killed Pargi
  4958 | Sewer    | Reached XP level 8. HP: 47/54 MP: 0/0
  5122 | D:4      | Found Lufroh's Antique Weapon Shoppe.
  5568 | D:4      | Found Hiskae's Weapon Shoppe.
  5912 | D:4      | Found Idioc's Antique Weapon Shoppe.
  5915 | D:4      | Found Sodghejep's Weapon Boutique.
  5992 | D:5      | Entered Level 5 of the Dungeon
  6435 | D:5      | Reached skill level 7 in Spellcasting
  6944 | D:5      | Reached XP level 9. HP: 55/60 MP: 0/0
  6944 | D:5      | Learned a level 4 spell: Leda's Liquefaction
  7327 | D:5      | Reached skill level 8 in Spellcasting
  7583 | D:6      | Found a staircase to the Ecumenical Temple.
  7606 | Temple   | Entered the Ecumenical Temple
  7613 | Temple   | Became a worshipper of Makhleb the Destroyer
  8276 | D:7      | Noticed a hornet
  8282 | D:7      | Killed a hornet
  8283 | D:7      | Reached skill level 9 in Spellcasting
  8460 | D:7      | Reached skill level 1 in Invocations
  8471 | D:7      | Reached XP level 10. HP: 43/67 MP: 0/0
  8669 | D:7      | Noticed Prince Ribbit
  8688 | D:7      | Killed Prince Ribbit
  9026 | D:7      | Found a runed translucent gate.
  9027 | D:7      | Found a runed translucent gate.
  9027 | D:7      | Noticed badtown22's ghost (novice TrMo)
  9027 | D:7      | You are sucked into a shaft and drop 1 floor!
  9190 | D:8      | Identified the +4 long sword of Kismet {vorpal, *Rage rElec
                  | rF+}
  9310 | D:8      | Reached skill level 10 in Spellcasting
  9415 | D:8      | Found Cer Yfei's Firing Range.
 10090 | D:4      | Bought a slimy quarterstaff for 261 gold pieces
 10090 | D:4      | Identified the +7 quarterstaff of the Moon {elec, +Blink
                  | rC+} (You bought it in a shop on level 4 of the Dungeon)
 10479 | D:7      | Found a runed translucent gate.
 10610 | D:9      | Noticed a two-headed ogre
 10626 | D:9      | Killed a two-headed ogre
 10627 | D:9      | Reached skill level 5 in Fighting
 11015 | D:9      | Noticed a komodo dragon
 11024 | D:9      | Killed a komodo dragon
 11089 | D:9      | Reached * piety under Makhleb
 11576 | D:9      | Reached XP level 11. HP: 64/76 MP: 0/0
 11576 | D:9      | Learned a level 4 spell: Passage of Golubria
 11630 | D:9      | Found a staircase to the Lair.
 11667 | D:9      | Found a staircase to the Orcish Mines.
 11713 | D:9      | Reached skill level 11 in Spellcasting
 12494 | D:10     | Entered Level 10 of the Dungeon
 12730 | D:10     | Reached ** piety under Makhleb
 13337 | D:10     | Found a transporter.
 13339 | D:10     | Found a transporter.
 13572 | D:10     | Found a transporter.
 13576 | D:10     | Found a transporter.
 13599 | D:10     | Found a transporter.
 13600 | D:10     | Found a transporter.
 13842 | D:11     | Found a bloodstained altar of Trog.
 14148 | D:11     | Reached skill level 12 in Spellcasting
 15008 | Lair:1   | Entered Level 1 of the Lair of Beasts
 15405 | Lair:1   | Found a sacrificial altar of Ru.
 15488 | Lair:1   | Reached XP level 12. HP: 78/82 MP: 0/0
 15588 | Lair:1   | Noticed Nergalle
 15619 | Lair:1   | Killed Nergalle
 16303 | Lair:2   | Noticed a five-headed hydra
 16315 | Lair:2   | Killed a five-headed hydra
 16402 | Lair:2   | Noticed a catoblepas
 16430 | Lair:2   | Demolished by a catoblepas

Illustrated notes

Levels and vault maps discovered:
D:1:      onia_arrival_pentagram, layout_basic,
          hellmonk_ecumenical_altar_watching_god
D:2:      layout_basic, basic_altar, chequers_serial_rivers_marsh, minivault_24,
          uniq_crazy_yiuf_cottage
D:3:      layout_basic, st_stairs_11
D:4:      layout_loops_cross, gup_sewer_entry_spiral, serial_shops, shop, shop,
          nicolae_shop_crystal, kennysheep_mini, nicolae_lakefront_shop,
          uniq_grinder, uniq_duvessa
D:5:      layout_loops_ring
D:6:      layout_gridville, minmay_temple_entry_wispy
D:7:      layout_loops_ring, nicolae_vehumet_radiance,
          ebering_ghost_rock_garden, uniq_prince_ribbit1
D:8:      layout_cave_pods, solitary_fountain, minmay_misc_feat_five,
          nicolae_shop_firing_range
D:9:      layout_roguey [special_room_bee], grunt_lair_entry_orc_guard_hut,
          minmay_orc_entry_guard_dogs, grunt_ministairs_6
D:10:     layout_loops_ring, serial_nicolae_subway, nicolae_sub_station_crystal,
          nicolae_sub_station_metal, nicolae_sub_station_stone
D:11:     layout_cave_pools, bloody_trog
Temple:   compressed_dpeg_triangle_lava_temple
Lair:1:   layout_gridlike, basic_altar, serial_bayou_shore_a, uniq_nergalle
Lair:2:   layout_cave_pods, elwin_shoals_entry_rocks, lemuel_fruit_fields,
          grunt_megastairs_1

Skill      XL: |  1  2  3  4  5  6  7  8  9 10 11 12 |
---------------+-------------------------------------+-----
Spellcasting   | 3 4 5 6 7 9 10 12 | 12.8
Fighting       | 1 2 3 4 5 6 |  6.0
Armour         | 1 2 3 |  3.9
Stealth        | 2 |  2.4
Invocations    | 1 3 4 |  4.9
Short Blades   | |  0.4
Staves         | |  0.1
Dodging        | |  2.8

Action                   |  1- 3 |  4- 6 |  7- 9 | 10-12 || total
-------------------------+-------+-------+-------+-------++-------
Melee: Short sword       |       |     2 |    13 |    16 ||    31
       Quarterstaff      |       |       |       |    14 ||    14
 Cast: Foxfire           |    92 |    27 |    19 |   136 ||   274
       Scorch            |    13 |    46 |   148 |   171 ||   378
       Summon Guardian G |       |       |     3 |    14 ||    17
       Flame Wave        |       |       |     1 |     6 ||     7
       Conjure Flame     |       |       |       |     7 ||     7
Evoke: Wand              |       |       |       |     1 ||     1
  Use: Scroll            |       |     7 |     3 |     5 ||    15
       Potion            |       |     2 |       |     5 ||     7
 Stab: Sleeping          |       |       |       |     2 ||     2
Armor: Leather armour    |     1 |     1 |    15 |    27 ||    44
       Skin              |       |    24 |     2 |       ||    26
Dodge: Dodged            |     7 |     6 |    40 |    88 ||   141

Table legend: (Time is in decaauts)
 A = Elapsed time spent in this place.
 B = Non-inter-level travel time spent in this place.
 C = Inter-level travel time spent in this place.
 D = Time resting spent in this place.
 E = Time spent auto-exploring this place.
 F = Levels seen in this place.
 G = Mean time per level.
                   A        B        C        D        E       F      G
               +--------+--------+--------+--------+--------+-----+--------+
         Total |  16441 |  15826 |    615 |   2296 |  11628 |  15 | 1096.1 |
       Dungeon |  14665 |  14109 |    556 |   1956 |  10454 |  11 | 1333.2 |
        Temple |     14 |      7 |      7 |      0 |      0 |   1 |   14.0 |
          Lair |   1424 |   1372 |     52 |    340 |    879 |   2 |  712.0 |
         Sewer |    336 |    336 |      0 |      0 |    295 |   1 |  336.0 |
               +--------+--------+--------+--------+--------+-----+--------+

Top non-repeatable levels by time:
     D:9: 1932 daAuts
     D:2: 1721 daAuts
     D:5: 1473 daAuts
     D:1: 1417 daAuts
    D:10: 1361 daAuts
     D:4: 1359 daAuts
     D:7: 1271 daAuts
  Lair:1: 1265 daAuts
     D:3: 1203 daAuts
    D:11: 1139 daAuts
     D:8: 996 daAuts
     D:6: 789 daAuts
   Sewer: 336 daAuts
  Lair:2: 159 daAuts
  Temple: 14 daAuts
